AoeStats
← tw07960626

Arabia

509016080Analyzed
1v1 RM · 6d ago on Sep 25, 2026· 48m 52s· 2 players
Game mode
Random Map
Map size
Tiny (2 player)
Population
200
Speed
Normal
Resources
Standard
Victory
Conquest
Starting age
Dark Age
Ending age
Imperial Age
RankedLock teamsTeams togetherTeam positionsShared explorationLock speedFull tech treeHidden civsTurbo modeCheats
Victory
Defeat
🇹🇼 Jurchens · Taiwan
804
+16
🇪🇨 Danes · Ecuador
812
-16
tw07960626
10:28 Feudal Age
11:11 Loom
23:54 Castle Age
23:08 Padded Archer Armor
27:04 Town Watch
31:18 Leather Archer Armor
31:29 Siege Engineers
35:06 Bloodlines
35:48 Wheelbarrow
36:34 Husbandry
36:34 Horse Collar
36:42 Double-Bit Axe
36:50 Gold Mining
37:19 Fletching
42:14 Forging
43:08 Scale Barding Armor
44:42 Chain Barding Armor
46:25 Iron Casting
finowarcly
10:07 Feudal Age
10:17 Man-at-Arms
10:46 Double-Bit Axe
19:50 Fletching
22:41 Padded Archer Armor
24:27 Horse Collar
27:34 Castle Age
27:53 Crossbowman
31:42 Forging
40:03 Stone Mining
41:33 Stone Shaft Mining
42:20 Wheelbarrow
42:07 Bloodlines
Connection lost

Rejoining the realm…

Still unreachable

The connection could not be restored.

Session expired

The server has moved on; the page needs a fresh start.